AoeStats
← Luke Vickerry

Arena

509893943Analyzed
4v4 RM · 4d ago on Sep 28, 2026· 52m 22s· 8 players
Game mode
Random Map
Map size
Large (8 player)
Population
200
Speed
Normal
Resources
Standard
Victory
Conquest
Starting age
Dark Age
Ending age
Imperial Age
RankedLock teamsTeams togetherTeam positionsShared explorationLock speedFull tech treeHidden civsTurbo modeCheats
Victory
Defeat
🇭🇰 Japanese · Hong Kong SAR China
1034
+18
🇨🇳 Mongols · China
1027
+19
🇦🇷 Celts · Argentina
1018
+19
🇸🇰 Berbers · Slovakia
1000
+63
🇹🇼 Khmer · Taiwan
1136
-21
🇹🇼 Maya · Taiwan
1073
-19
🇹🇼 Vietnamese · Taiwan
1070
-18
🇩🇪 Franks · Germany
1063
-18
Luke Vickerry
11:11 Feudal Age
15:07 Castle Age
13:28 Scale Mail Armor
36:15 Imperial Age
35:03 Chain Mail Armor
36:10 Padded Archer Armor
36:21 Forging
37:58 Plate Mail Armor
37:33 Scale Barding Armor
37:19 Fletching
38:28 Wheelbarrow
37:39 Town Watch
37:39 Loom
37:46 Pikeman
38:11 Arson
38:37 Gambesons
38:31 Halberdier
39:05 Gold Mining
39:05 Stone Mining
43:48 Iron Casting
48:59 Blast Furnace
51:47 Conscription
51:38 Heavy Scorpion
kiko
11:56 Feudal Age
19:15 Double-Bit Axe
22:22 Castle Age
20:09 Loom
20:35 Horse Collar
23:19 Wheelbarrow
28:59 Bow Saw
28:52 Heavy Plow
30:50 Forging
30:47 Scale Barding Armor
31:32 Bloodlines
36:34 Hand Cart
46:10 Murder Holes
51:04 Light Cavalry
51:47 Husbandry
52:30 Iron Casting
Q力山大一世
10:15 Feudal Age
11:17 Double-Bit Axe
14:16 Castle Age
14:00 Horse Collar
19:30 Fervor
24:05 Wheelbarrow
25:29 Hand Cart
28:25 Imperial Age
25:41 Loom
25:41 Town Watch
26:20 Ballistics
26:04 Heavy Plow
26:37 Bow Saw
26:28 Fletching
26:38 Gold Mining
26:39 Stone Mining
27:19 Masonry
27:22 Bodkin Arrow
27:27 Padded Archer Armor
28:41 Stone Shaft Mining
28:41 Gold Shaft Mining
28:23 Thumb Ring
29:07 Town Patrol
30:10 Chemistry
29:13 Bracer
29:43 Parthian Tactics
29:57 Leather Archer Armor
30:27 Siege Engineers
30:32 Fortified Wall
30:48 Bloodlines
30:39 Husbandry
31:14 Conscription
31:03 Scale Barding Armor
31:08 Forging
30:22 Light Cavalry
32:05 Chain Barding Armor
31:40 Elite Mangudai
32:49 Hussar
33:31 Capped Ram
35:03 Iron Casting
34:26 Elite Steppe Lancer
34:39 Siege Ram
35:39 Murder Holes
36:49 Hoardings
38:46 Blast Furnace
39:33 Herbal Medicine
42:01 Drill
41:42 Nomads
44:44 Scale Mail Armor
45:17 Coinage
169198821
10:55 Feudal Age
11:43 Horse Collar
16:54 Castle Age
18:11 Double-Bit Axe
20:30 Heavy Plow
25:51 Wheelbarrow
25:16 Loom
30:02 Imperial Age
28:07 Bow Saw
27:42 Treadmill Crane
29:04 Gold Mining
29:04 Stone Mining
29:29 Forging
29:19 Scale Mail Armor
29:10 Fletching
29:20 Padded Archer Armor
29:13 Guard Tower
29:44 Ballistics
29:37 Pikeman
30:18 Squires
30:04 Arson
31:29 Gold Shaft Mining
31:57 Two-Man Saw
31:06 Yasama
31:54 Hand Cart
32:09 Conscription
31:26 Halberdier
31:54 Capped Ram
32:37 Elite Skirmisher
33:44 Kataparuto
34:28 Iron Casting
34:08 Chain Mail Armor
33:49 Bodkin Arrow
34:09 Leather Archer Armor
35:02 Chemistry
36:12 Keep
35:23 Arrowslits
35:35 Murder Holes
35:50 Masonry
41:32 Blast Furnace
41:02 Plate Mail Armor
40:33 Bracer
41:04 Ring Archer Armor
44:38 Heavy Scorpion
51:49 Town Watch
DumboBean
8:26 Loom
10:27 Feudal Age
11:06 Double-Bit Axe
11:14 Gold Mining
12:59 Horse Collar
13:19 Fletching
19:52 Castle Age
18:00 Stone Mining
19:14 Padded Archer Armor
21:10 Stone Shaft Mining
21:34 Bow Saw
21:27 Heavy Plow
23:10 Wheelbarrow
23:11 Elite Skirmisher
24:09 Bodkin Arrow
26:57 Leather Archer Armor
28:23 Hand Cart
27:55 Town Watch
32:51 Ballistics
32:12 Treadmill Crane
35:22 Imperial Age
33:35 Thumb Ring
35:58 Town Patrol
36:31 Paper Money
37:28 Two-Man Saw
37:00 Crop Rotation
37:52 Chemistry
36:58 Imperial Skirmisher
40:55 Bracer
42:41 Ring Archer Armor
41:36 Elite Rattan Archer
DER Grieche
5:11 Loom
11:46 Feudal Age
15:35 Castle Age
16:31 Double-Bit Axe
20:12 Wheelbarrow
23:17 Gold Mining
26:59 Bow Saw
26:58 Scale Barding Armor
27:05 Forging
28:09 Chain Barding Armor
30:51 Imperial Age
28:45 Hand Cart
29:21 Iron Casting
29:17 Husbandry
31:09 Cavalier
32:54 Blast Furnace
34:14 Plate Barding Armor
34:34 Paladin
35:27 Fletching
42:24 Chivalry
42:45 Conscription
41:47 Elite Throwing Axeman
42:23 Gambesons
42:39 Squires
42:25 Arson
43:25 Bodkin Arrow
45:12 Elite Throwing Axeman
47:43 Murder Holes
47:59 Masonry
47:55 Siege Engineers
48:15 Light Cavalry
轉隊長就跳海
0:37 Loom
13:01 Feudal Age
17:35 Castle Age
18:05 Eagle Warrior
35:21 Elite Skirmisher
36:17 Fletching
36:28 Padded Archer Armor
38:05 Bodkin Arrow
38:25 Leather Archer Armor
47:33 Ballistics
51:31 Thumb Ring
清華校草
12:04 Feudal Age
15:04 Castle Age
13:37 Double-Bit Axe
13:35 Horse Collar
17:37 Bow Saw
17:28 Heavy Plow
30:02 Imperial Age
28:11 Wheelbarrow
28:36 Husbandry
28:47 Bloodlines
29:38 Hand Cart
30:10 Forging
30:05 Scale Barding Armor
30:28 Gold Mining
30:35 Cavalier
31:51 Iron Casting
31:30 Town Watch
31:31 Loom
32:34 Gold Shaft Mining
31:50 Stone Mining
32:33 Crop Rotation
34:02 Blast Furnace
33:22 Chain Barding Armor
34:09 Conscription
Connection lost

Rejoining the realm…

Still unreachable

The connection could not be restored.

Session expired

The server has moved on; the page needs a fresh start.